 Dungeon Crawl Stone Soup version 0.24.0-125-gc4c63601f3 (webtiles) character file.

Game seed: 13408808599074132056, levelgen mode: deterministic

15632 Johnny the Geomancer (level 11, 0/76 HPs)
             Began as a Demigod Earth Elementalist on Feb 25, 2020.
             Slain by an ice devil (9 damage)
             ... in an ice cave.
             The game lasted 00:19:07 (14657 turns).

Johnny the Geomancer (Demigod Earth Elementalist)  Turns: 14657, Time: 00:19:07

Health: 0/76       AC: 12    Str: 14    XL:     11   Next: 71%
Magic:  0/31       EV: 17    Int: 25    God:
Gold:   622        SH:  0    Dex: 24    Spells: 18/33 levels left

rFire    x . .     SeeInvis .   w - +2 trident "Ultimatum" {holy, Str+3 Dex+3}
rCold    + . .     Gourm    .   (no shield)
rNeg     . . .     Faith    .   C - +1 troll leather armour
rPois    .         Spirit   +   (helmet restricted)
rElec    .         Reflect  .   i - +0 cloak
rCorr    .         Harm     .   (no gloves)
MR       +....                  m - +0 pair of boots
Stlth    +++.......             x - amulet of guardian spirit
HPRegen  0.62/turn              e - ring of ice
MPRegen  0.22/turn              (no ring)

@: agile, very slightly contaminated
A: horns 1, icy blue scales 1, molten scales 1, rugged brown scales 1, high mp 1
a: no special abilities


You were in an ice cave.
You were very hungry.

You visited 1 branch of the dungeon, and saw 12 of its levels.
You also visited: Ice Cave.

You collected 682 gold pieces.
You spent 60 gold pieces at shops.

Inventory:

Hand Weapons
 w - the +2 trident "Ultimatum" (weapon) {holy, Str+3 Dex+3}
   (You found it on level 5 of the Dungeon)

   It has been blessed by the Shining One to cause great damage to the undead
   and demons.
   It affects your strength (+3).
   It affects your dexterity (+3).
Missiles
 b - 185 stones (quivered)
Armour
 c - the +10 large shield of Ignorance {rN+ Int-4}
   (You found it on level 11 of the Dungeon)

   It affects your intelligence (-4).
   It protects you from negative energy.
 i - a +0 cloak (worn)
 m - a +0 pair of boots (worn)
 u - a +2 helmet of see invisible
 C - a +1 troll leather armour (worn)
Jewellery
 e - a ring of ice (left hand)
 x - an amulet of guardian spirit (around neck)
Wands
 s - a wand of iceblast (4)
 A - a wand of paralysis (4)
Scrolls
 a - 4 scrolls of fog
 f - 3 scrolls of teleportation
 h - 6 scrolls of remove curse
 j - 4 scrolls of amnesia
 k - a scroll of random uselessness
 l - 3 scrolls of noise
 q - 2 scrolls of magic mapping
 t - a scroll of blinking
 y - 2 scrolls of enchant weapon
 z - 2 scrolls of immolation
Potions
 n - a potion of curing
 o - 4 potions of cancellation
 r - a potion of haste
Comestibles
 d - 26 rations


   Skills:
 - Level 1.7 Dodging
 - Level 1.7 Stealth
 + Level 11.7 Spellcasting
 - Level 0.8 Transmutations
 + Level 12.8 Earth Magic


You had 18 spell levels left.
You knew the following spells:

 Your Spells              Type           Power        Failure   Level  Hunger
a - Sandblast             Erth           ######       1%          1    None
b - Stone Arrow           Conj/Erth      #####.       1%          3    None
c - Lee's Rapid Deconstr  Erth           ######....   1%          5    ###....
d - Petrify               Tmut/Erth      #####...     3%          4    None
e - Blink                 Tloc           N/A          8%          2    None

Your spell library contained the following spells:

 Spells                   Type           Power        Failure   Level  Hunger
 Passwall                 Tmut/Erth      #####...     1%          2    None
 Magic Dart               Conj           ##..         5%          1    None
 Call Imp                 Summ           ##......     8%          2    None
 Slow                     Hex            ##......     8%          2    None
 Conjure Flame            Conj/Fire      ##......     16%         3    None
 Mephitic Cloud           Conj/Pois/Air  ##......     16%         3    None


Dungeon Overview and Level Annotations

Branches:
Dungeon (12/15)            Temple (0/1) D:5            Lair (0/6) D:8
    Orc (0/2) D:9           IceCv (1/1)

Shops:
D:8 ?[}(%   D:11 [

Annotations:
D:11 1 runed translucent door IceCv exclusion: 2 ice statues


Innate Abilities, Weirdness & Mutations

You have an increased reservoir of magic. (+10% MP)
You have a pair of small horns on your head.
You are partially covered in icy blue scales. (AC +2)
You are partially covered in molten scales. (AC +2)
You are partially covered in rugged brown scales. (AC +1, +3% HP)


Message History

Aim: an ice devil (heavily wounded)
The puff of flame hits the ice devil but does no damage.
The ice devil is heavily wounded.
The ice devil hits you.
* * * LOW HITPOINT WARNING * * *
The ice devil freezes you! You resist.
* * * LOW HITPOINT WARNING * * *
Evoke which item? (* to show all) (? for menu, Esc to quit)
Aiming: Throw Flame
Press: ? - help, Shift-Dir - straight line, f/p - ice devil
Aim: an ice devil (moderately wounded)
The puff of flame hits the ice devil but does no damage.
The ice devil is moderately wounded.
The now-empty wand crumbles to dust.
The ice devil hits you but does no damage.
Evoke which item? (* to show all) (? for menu, Esc to quit)
Okay, then.
The ice devil barely misses you. The ice devil hits you!
You die...

#####
##...##
##..@..##
#...∩4..#
#...∩...#
##.....##
##...##
#...##
##...#
##...#
#...##


You could see an ice devil.

Vanquished Creatures
  A hydra (D:11)
  5 orange crystal statues (D:11)
  2 deep elf magi
  2 cyclopes
  2 slime creatures (D:12)
  Joseph (D:7)
  Psyche (D:8)
  A gargoyle (D:10)
  2 ice devils (IceCv)
  A merfolk (D:11)
  5 trolls
  Grinder (D:5)
  A hornet (D:7)
  4 hippogriffs
  A fire elemental (D:11)
  4 yaks (D:9)
  A wraith (D:10)
  A human (D:11)
  2 hungry ghosts
  3 steam dragons
  2 phantoms (D:9)
  9 ice beasts
  An orc warrior (D:7)
  2 sky beasts
  A centaur (D:10)
  A necrophage (D:9)
  5 wolves (D:8)
  4 ogres
  6 bullfrogs
  Blork the orc (D:5)
  A water moccasin skeleton (D:8)
  2 scorpions
  A troll zombie (D:9)
  5 killer bees (D:10)
  4 wights (D:9)
  7 electric eels (D:8)
  9 howler monkeys
  4 crimson imps
  2 lava snakes (D:11)
  A quasit (D:11)
  4 hounds
  3 jellies
  A bullfrog skeleton (D:5)
  Crazy Yiuf (D:3)
  A centaur skeleton (D:12)
  2 orc priests
  4 orc wizards
  Ijyb (D:1)
  An iguana (D:12)
  7 worker ants
  6 ogre zombies (D:9)
  A hound skeleton (D:5)
  2 worker ant zombies
  Robin (D:4)
  6 adders
  A howler monkey skeleton (D:10)
  2 shadow imps
  An adder skeleton (D:5)
  4 worms
  3 dart slugs
  3 leopard geckos
  29 orcs
  A ball python (D:7)
  4 giant cockroaches (D:1)
  25 goblins
  11 hobgoblins
  16 jackals
  7 quokkas
  7 bats
  8 frilled lizards
  A goblin skeleton (D:9)
  2 goblin zombies (D:9)
  3 hobgoblin skeletons (D:9)
  A hobgoblin zombie (D:9)
  5 kobolds
  3 orc skeletons (D:9)
  11 orc zombies (D:9)
  A quokka skeleton (D:5)
  8 rats
307 creatures vanquished.

Vanquished Creatures (others)
  An ice beast (D:12)
  2 fungi (D:6)
3 creatures vanquished.

Grand Total: 310 creatures vanquished

Notes
Turn   | Place    | Note
-------+----------+-------------------------------------------
     0 | D:1      | Johnny the Demigod Earth Elementalist began the quest for
                  | the Orb.
     0 | D:1      | Reached XP level 1. HP: 14/14 MP: 5/5
   348 | D:1      | Reached skill level 3 in Earth Magic
   420 | D:1      | Found a shattered altar of Ashenzari.
   421 | D:1      | Reached XP level 2. HP: 20/20 MP: 5/7
  1215 | D:1      | Reached XP level 3. HP: 26/26 MP: 9/9
  1262 | D:2      | Found a stormy altar of Qazlal.
  1458 | D:2      | Noticed Ijyb
  1518 | D:2      | Paralysed by Ijyb for 6 turns
  1535 | D:1      | Paralysed by Ijyb for 2 turns
  1546 | D:1      | Killed Ijyb
  1841 | D:2      | Reached XP level 4. HP: 20/33 MP: 8/11
  2361 | D:2      | Found a faded altar of an unknown god.
  2521 | D:3      | Reached skill level 4 in Earth Magic
  2787 | D:3      | Reached XP level 5. HP: 30/38 MP: 4/13
  3195 | D:3      | Learned a level 3 spell: Stone Arrow
  3992 | D:3      | Found a runed translucent door.
  3993 | D:3      | Noticed Crazy Yiuf
  4364 | D:3      | Killed Crazy Yiuf
  4680 | D:4      | Noticed Robin
  4692 | D:4      | Killed Robin
  4917 | D:4      | Reached XP level 6. HP: 45/45 MP: 15/15
  4944 | D:4      | Reached skill level 5 in Earth Magic
  5468 | D:5      | Entered Level 5 of the Dungeon
  5594 | D:5      | Got a steaming trident
  5595 | D:5      | Identified the +2 trident "Ultimatum" {holy, Str+3 Dex+3}
                  | (You found it on level 5 of the Dungeon)
  6023 | D:5      | Found a staircase to the Ecumenical Temple.
  6028 | D:5      | Noticed Blork the orc
  6062 | D:5      | Learned a level 5 spell: Lee's Rapid Deconstruction
  6067 | D:5      | Learned a level 4 spell: Petrify
  6197 | D:5      | Noticed Grinder
  6208 | D:5      | Killed Grinder
  6208 | D:5      | Reached skill level 5 in Spellcasting
  6208 | D:5      | Reached XP level 7. HP: 13/50 MP: 0/18
  6210 | D:5      | Killed Blork the orc
  6210 | D:5      | Reached skill level 6 in Earth Magic
  7093 | D:6      | Reached XP level 8. HP: 33/57 MP: 20/20
  7114 | D:6      | Reached skill level 7 in Earth Magic
  7735 | D:6      | You fall into a shaft and drop 2 floors!
  7997 | D:8      | Found Uramoit's Magic Scroll Boutique.
  8005 | D:8      | Bought a scroll of identify for 22 gold pieces
  8005 | D:8      | Bought a scroll of immolation for 38 gold pieces
  8009 | D:8      | Got an ichor-stained ring mail
  8020 | D:8      | Identified the +2 ring mail of the Princess {rElec} (You
                  | found it on level 8 of the Dungeon)
  8053 | D:8      | Noticed Psyche
  8064 | D:8      | Killed Psyche
  8064 | D:8      | Reached skill level 8 in Earth Magic
  8083 | D:8      | Reached XP level 9. HP: 23/62 MP: 2/24
  8105 | D:8      | HP: 2/62 [wolf (6)]
  8413 | D:7      | Noticed Joseph
  8436 | D:7      | Killed Joseph
  8436 | D:7      | Reached skill level 9 in Earth Magic
  8686 | D:7      | Paralysed by a hornet for 3 turns
  9724 | D:8      | Found a staircase to the Lair.
 10140 | D:8      | Found Tilaqain's Antique Weapon Shop.
 10210 | D:8      | Found Huwaho's Food Shoppe.
 10399 | D:8      | Found Vipanke's Gadget Emporium.
 10401 | D:8      | Found Tocsanaf's Armour Boutique.
 10576 | D:9      | Learned a level 2 spell: Blink
 10616 | D:9      | Reached skill level 10 in Earth Magic
 10740 | D:9      | Reached XP level 10. HP: 52/69 MP: 21/27
 11039 | D:9      | Found a staircase to the Orcish Mines.
 11592 | D:10     | Entered Level 10 of the Dungeon
 11631 | D:10     | Reached skill level 10 in Spellcasting
 11631 | D:10     | Reached skill level 11 in Earth Magic
 12754 | D:11     | Found a runed translucent door.
 12763 | D:11     | Found the +10 large shield of Ignorance {rN+ Int-4}
 12765 | D:11     | Noticed a deep elf mage
 12765 | D:11     | Noticed an orange crystal statue
 12768 | D:11     | Noticed an orange crystal statue
 12768 | D:11     | Noticed an orange crystal statue
 12768 | D:11     | Noticed an orange crystal statue
 12769 | D:11     | Noticed a red ugly thing
 12770 | D:11     | Killed an orange crystal statue
 12773 | D:11     | Noticed a two-headed ogre
 12792 | D:11     | Found a runed translucent door.
 12795 | D:11     | Noticed a cyclops
 12963 | D:11     | Noticed a six-headed hydra
 12976 | D:11     | Killed a six-headed hydra
 12976 | D:11     | Reached XP level 11. HP: 74/74 MP: 10/30
 13080 | D:11     | Noticed an orange crystal statue
 13083 | D:11     | Killed an orange crystal statue
 13100 | D:11     | Found Goh Qeu's Antique Armour Shop.
 13226 | D:11     | Gained mutation: You are partially covered in molten
                  | scales. (AC +2) [potion of mutation]
 13226 | D:11     | Gained mutation: You are partially covered in rugged brown
                  | scales. (AC +1, +3% HP) [potion of mutation]
 13226 | D:11     | Gained mutation: You have a pair of small horns on your
                  | head. [potion of mutation]
 13226 | D:11     | Gained mutation: You are partially covered in icy blue
                  | scales. (AC +2) [potion of mutation]
 13379 | D:11     | Reached skill level 12 in Earth Magic
 13793 | D:11     | Killed an orange crystal statue
 13929 | D:11     | Killed an orange crystal statue
 13933 | D:11     | Killed an orange crystal statue
 14084 | D:12     | Noticed a deep elf mage
 14089 | D:12     | Killed a deep elf mage
 14270 | D:12     | Found a frozen archway.
 14335 | IceCv    | Entered an ice cave
 14657 | IceCv    | Slain by an ice devil

Levels and vault maps discovered:
D:1:      dpeg_arrival_signposts, layout_basic, evilmike_ruin_ashenzari
D:2:      kennysheep_the_goblin_king, layout_loops_ring, grunt_qazlal_sundering,
          chequers_ecumenical_altar_simple
D:3:      layout_basic, kennysheep_cross_bottleneck, hangedman_feature_mirror,
          minmay_pentomino_pile, uniq_crazy_yiuf_cottage
D:4:      cheibrodos_pilgrimage, layout_basic, uniq_robin
D:5:      layout_basic, minmay_temple_entry_statues, first_ration,
          lemuel_another_geyser, uniq_blork_the_orc, uniq_grinder
D:6:      kennysheep_steamy, layout_basic, serial_park_tiny_2
D:7:      layout_gridville, chequers_serial_rivers_small_3, uniq_joseph
D:8:      layout_basic, erik_lair_island, serial_shops,
          nicolae_shop_temple_entry_statues_fountains, shop,
          nicolae_shop_waterfront, shop_fountains, shop, uniq_psyche
D:9:      layout_irregular_city, zombieorc2_lemuel
D:10:     layout_gridville, chequers_serial_rivers_large_a
D:11:     layout_loops_ring, serial_shops, shop, hangedman_stone_soup,
          minivault_15, kennysheep_doodads, chequers_guarded_unrand_ignorance
D:12:     layout_loops_corners, special_room [special_room_bee],
          portal_ice_cave_entry_ice_beasts, kennysheep_generic_room_14,
          uniq_nessos
IceCv:    ice_cave_tombish

Skill      XL: |  1  2  3  4  5  6  7  8  9 10 11 |
---------------+----------------------------------+-----
Spellcasting   | 2 3 4 5 6 7 9 10 11 | 11.7
Earth Magic    | 3 4 5 6 8 10 11 12 | 12.8
Dodging        | |  1.7
Stealth        | |  1.7
Transmutations | |  0.8

Action                   |  1- 3 |  4- 6 |  7- 9 | 10-12 || total
-------------------------+-------+-------+-------+-------++-------
Melee: Unarmed           |    52 |       |       |       ||    52
       Dagger            |    46 |    87 |       |       ||   133
       Mace              |       |    35 |       |       ||    35
       Trident           |       |    38 |   126 |   161 ||   325
       Headbutt          |       |       |       |     3 ||     3
Throw: Stone             |       |     1 |       |     5 ||     6
 Cast: Sandblast         |    63 |    80 |    49 |    89 ||   281
       Stone Arrow       |       |    12 |    29 |    30 ||    71
       Lee's Rapid Decon |       |     3 |    13 |    48 ||    64
       Petrify           |       |       |     1 |       ||     1
Evoke: Wand              |       |     4 |     3 |    15 ||    22
  Use: Potion            |     2 |     1 |     4 |    12 ||    19
       Scroll            |       |       |     8 |    11 ||    19
 Stab: Sleeping          |     1 |     4 |     5 |       ||    10
       Distracted        |       |       |       |     1 ||     1
  Eat: Chunk             |     3 |    15 |    19 |    11 ||    48
       Ration            |       |       |       |     2 ||     2
Armor: Robe              |    29 |    52 |    19 |       ||   100
       Skin              |       |       |    40 |    34 ||    74
       Ring mail         |       |       |    29 |       ||    29
       Troll leather arm |       |       |     1 |    68 ||    69
Dodge: Dodged            |   100 |   167 |   123 |   148 ||   538
